 Dungeon Crawl Stone Soup version 0.19-a0-810-ge4e7c75 (webtiles) character file.

580 AlphabetPasta the Insei (level 7, -4/50 HPs)
             Began as a Vampire Transmuter on June 28, 2016.
             Slain by a troll (7 damage)
             ... on level 4 of the Dungeon.
             The game lasted 00:25:16 (4313 turns).

AlphabetPasta the Insei (Vampire Transmuter)        Turns: 4313, Time: 00:25:19

Health: -4/50      AC: 10    Str: 10    XL:     7   Next: 13%
Magic:  10/11      EV: 14    Int: 17    God:
Gold:   181        SH:  0    Dex: 14    Spells: 2 memorised, 9 levels left

rFire  . . .     SeeInvis +       - Unarmed
rCold  . . .     Gourm    .     b - +0 robe
rNeg   + . .     Faith    .     (no shield)
rPois  .         Spirit   .     v - +1 hat
rElec  .         Dismiss  .     f - +1 cloak
rCorr  .         Reflect  .     (no gloves)
SustAt +         Harm     .     (no boots)
MR     .....                    n - amulet of regeneration
Stlth  +.........               h - +5 ring of protection
                                s - ring of sustain attributes

@: appendage, very slightly contaminated, hasted, very quick, not resistant to
hostile enchantments, very unstealthy
A: fangs 3, horns 2, see invisible, unbreathing
a: Bat Form, End Transformation


You were on level 4 of the Dungeon.
You were not thirsty.
You had grown temporary horns.
You visited 1 branch of the dungeon, and saw 4 of its levels.

You collected 225 gold pieces.
You spent 44 gold pieces at shops.

Inventory:

Hand Weapons
 y - a +0 rapier
Missiles
 a - 12 arrows
Armour
 b - a +0 robe (worn)
 f - a +1 cloak (worn)
 v - a +1 hat (worn)
Jewellery
 e - an uncursed ring of flight
 h - a +5 ring of protection (right hand)
 n - an amulet of regeneration (around neck)
 s - a ring of sustain attributes (left hand)
Wands
 i - a wand of disintegration (3/24)
Scrolls
 o - 2 scrolls of fog
 t - a scroll of remove curse
 z - 2 scrolls of amnesia
Potions
 d - 20 potions of blood
 g - a potion of cancellation {unknown}
 j - a potion of brilliance
 m - 2 potions of curing
 q - 2 potions of flight
 u - a potion of heal wounds
 C - a potion of cure mutation
Books
 c - a book of Changes

   Spells                             Type                      Level
   a - Beastly Appendage              Transmutation                1
   b - Sticks to Snakes               Transmutation                2
   c - Spider Form                    Transmutation/Poison         3
   d - Ice Form                       Ice/Transmutation            4
   e - Blade Hands                    Transmutation                5
 r - a book of Conjurations

   Spells                             Type                      Level
   a - Magic Dart                     Conjuration                  1
   b - Searing Ray                    Conjuration                  2
   c - Dazzling Spray                 Conjuration/Hexes            3
   d - Fulminant Prism                Conjuration/Hexes            4
   e - Iskenderun's Mystic Blast      Conjuration                  4
   f - Iskenderun's Battlesphere      Conjuration/Charms           5


   Skills:
 + Level 2.1 Fighting
 + Level 3.8 Dodging
 * Level 5.3 Unarmed Combat
 + Level 2.9 Spellcasting
 + Level 1.3 Conjurations
 * Level 5.0 Transmutations


You had 9 spell levels left.
You knew the following spells:

 Your Spells              Type           Power        Failure   Level  Hunger
a - Beastly Appendage     Tmut           ###...       2%          1    None
c - Magic Dart            Conj           #...         12%         1    None


Dungeon Overview and Level Annotations

Branches:
Dungeon (4/15)
 Temple: D:4-7

Altars:

Shops:
D:4 !


Innate Abilities, Weirdness & Mutations

You have razor-sharp teeth.
You have supernaturally acute eyesight. (SInv)
You can survive without breathing.
You have a pair of horns on your head.


Message History

You barely miss the ogre. You headbutt the ogre.
You kill the ogre!
Your Transmutations skill increases to level 5!
You have reached level 7!
You feel much better. The troll closely misses you.
The troll claws you but does no damage. The troll claws you!
You hit the troll but do no damage. Your bite misses the troll.
You hit the troll.
The troll is lightly wounded.
The troll bites you. The troll claws you!
* * * LOW HITPOINT WARNING * * *
The troll barely misses you.
You closely miss the troll.
The troll is lightly wounded.
The troll bites you!
* * * LOW HITPOINT WARNING * * *
The troll claws you.
* * * LOW HITPOINT WARNING * * *
The troll claws you!
You die...

*,* *****,,* #.#..,, *,*
*,,,,,,* #.#.#+# *,*
##+***,,* #.#.#.#
*,***#...****########.#.#.#
***>,,,#...* *,.$#...........
*,,,,,,#...#**.[.######.#.#.#
*,,,,,,#..%.*#w.,*#.........#
*,,,,,,*#...#T#***#.#####.###
*,,,,,,*#...@### #.# #.#
*,,,,,,*##.....####.# #.#
*,,,,,,* ##.......#.# #.#
******+** ##......'.# #.#
*,,,,,,* ###....### *,*
*,******** ###### *,*
*,*,,,,*,* *,* *,* *,*,**,*,*
*,* *,* *,*,**,*,*
*,**********,*


You could see a troll and a worm.

Vanquished Creatures
  The ghost of yaymichael the Insei, an amateur OpTm (D:4)
  An ogre (D:4)
  3 orc priests (D:3)
  2 orc wizards (D:3)
  2 worker ants
  4 adders
  4 gnolls (D:4)
  3 worms
  3 dart slugs
  2 giant geckos
  10 orcs
  5 bats
  6 giant cockroaches
  9 goblins
  8 hobgoblins
  12 jackals
  3 quokkas
  A ball python (D:2)
  5 giant newts
  6 kobolds
  12 rats
102 creatures vanquished.

Notes
Turn   | Place    | Note
--------------------------------------------------------------
     0 | D:1      | AlphabetPasta the Vampire Transmuter began the quest for the Orb.
     0 | D:1      | Reached XP level 1. HP: 14/14 MP: 3/3
   319 | D:1      | Reached skill level 1 in Fighting
   591 | D:1      | Reached XP level 2. HP: 21/21 MP: 3/5
   595 | D:1      | Learned a level 2 spell: Sticks to Snakes
  1038 | D:2      | Reached XP level 3. HP: 19/26 MP: 4/6
  1534 | D:2      | Learned a level 1 spell: Magic Dart
  1733 | D:2      | Reached XP level 4. HP: 26/32 MP: 1/7
  2632 | D:3      | Reached XP level 5. HP: 27/37 MP: 8/8
  3279 | D:3      | Reached XP level 6. HP: 39/44 MP: 7/9
  3318 | D:3      | Reached skill level 1 in Conjurations
  3328 | D:3      | HP: 2/44 [goblin/club (2)]
  3964 | D:4      | Noticed yaymichael's ghost (amateur OpTm)
  3973 | D:4      | Killed yaymichael's ghost
  3973 | D:4      | Reached skill level 5 in Unarmed Combat
  3976 | D:4      | Found Eson's Distillery.
  3983 | D:4      | Bought a potion of brilliance for 44 gold pieces
  4298 | D:4      | Noticed a troll
  4309 | D:4      | Reached skill level 5 in Transmutations
  4309 | D:4      | Reached XP level 7. HP: 16/50 MP: 9/11
  4313 | D:4      | Slain by a troll

Vault maps used:
D:1:      sevenhm_arrival_forest_fort_small_6, minivault_23, minmay_pentomino_z2
D:3:      first_bread
D:4:      serial_shops, shop, lightli_corner_chamber

Skill      XL: |  1  2  3  4  5  6 |
---------------+-------------------+-----
Fighting       | 1 2 |  2.1
Transmutations | 3 4 5 |  5.0
Unarmed Combat | 4 5 |  5.3
Dodging        | 3 |  3.8
Conjurations   | 1 |  1.3
Spellcasting   | |  2.9

Action                   |  1- 3 |  4- 6 |  7- 9 || total
-------------------------+-------+-------+-------++-------
Melee: Unarmed           |   136 |   232 |     3 ||   371
       Bite              |     9 |    17 |       ||    26
       Headbutt          |     2 |    21 |       ||    23
       Kick              |     6 |    20 |       ||    26
       Punch             |     1 |     3 |       ||     4
 Cast: Beastly Appendage |    13 |    25 |       ||    38
       Magic Dart        |    11 |    12 |       ||    23
Evoke: Wand              |       |     1 |       ||     1
  Use: Potion            |     2 |     7 |     1 ||    10
       Scroll            |       |    15 |       ||    15
 Stab: Sleeping          |     1 |     1 |       ||     2
  Eat: Corpse            |     2 |     4 |       ||     6
Armor: Robe              |    27 |    43 |     1 ||    71
Dodge: Dodged            |    67 |   116 |     2 ||   185
